 Seeded DCSS version 0.29.1-1-gd02db6906a (webtiles) character file.

Game seed: 8800239265270809476 (custom seed)

1153 GigaChad the Skirmisher (level 8, -5/62 HPs)
             Began as a Minotaur Hunter on Sept 28, 2022.
             Was a Follower of Ashenzari.
             Slain by Pikel
             ... wielding a +0 whip of electrocution
              (16 damage)
             ... on level 6 of the Dungeon.
             The game lasted 00:11:42 (3766 turns).

GigaChad the Skirmisher (Minotaur Hunter)           Turns: 3766, Time: 00:11:43

Health: -5/62      AC: 17    Str: 17    XL:     8   Next: 16%
Magic:  7/7        EV:  8    Int:  6    God:    Ashenzari [*.....]
Gold:   253        SH:  0    Dex: 15    Spells: 7/7 levels left

rFire   . . .      SeeInvis .   a - +1 shortbow
rCold   . . .      Faith    .   (shield currently unavailable)
rNeg    . . .      Spirit   .   z - +1 chain mail
rPois   .          Reflect  .   (helmet restricted)
rElec   .          Harm     .   C - +0 cloak
rCorr   .          Rampage  .   e - +3 pair of gauntlets of War {Slay+5, Alch, Fort} (curse)
Will    .....                   p - +0 pair of boots "Fetters of Ashenzari" {Alch, Bglg} (curse)
Stlth   ..........              (no amulet)
HPRegen 0.20/turn               (no ring)
MPRegen 0.10/turn               (no ring)

@: no status effects
A: horns 2, retaliatory headbutt
a: Renounce Religion, Shatter the Chains


You were on level 6 of the Dungeon.
You worshipped Ashenzari.
Ashenzari was aware of your devotion.
You visited 2 branches of the dungeon, and saw 7 of its levels.
You also visited: Ossuary.

You collected 253 gold pieces.

Inventory:

Hand Weapons
 a - a +1 shortbow (weapon)
Missiles
 i - a throwing net
Armour
 c - a +0 leather armour
 e - the cursed +3 pair of gauntlets of War (worn) {Slay+5, Alch, Fort}
   (You acquired it on level 1 of the Dungeon)

   Slay:      It affects your accuracy & damage with ranged weapons and melee
   (+5).
   It has a curse which improves the following skills: Alchemy: Poison Magic and
   Transmutations.
   Fortitude: Armour and Shields.
 m - a +0 pair of boots
 p - the cursed +0 pair of boots "Fetters of Ashenzari" (worn) {Alch, Bglg}
   (You found it on level 2 of the Dungeon)

   It has a curse which improves the following skills: Alchemy: Poison Magic and
   Transmutations.
   Beguiling: Conjurations, Hexes and Translocations.
 z - a +1 chain mail (worn)
 C - a +0 cloak (worn)
Wands
 y - a wand of paralysis (10)
 B - a wand of flame (44)
Scrolls
 b - a scroll of immolation
 d - a scroll of teleportation
 g - a scroll of blinking
 h - 2 scrolls of noise
 n - a scroll of silence
 o - 2 scrolls of magic mapping
 s - 3 scrolls of butterflies
 v - a scroll of vulnerability
Potions
 f - a potion of degeneration
 k - a potion of invisibility
 l - 3 potions of mutation
 q - a potion of heal wounds
 t - 2 potions of berserk rage
 u - 6 potions of curing
 x - 3 potions of flight
 A - 4 potions of haste
 D - a potion of might


   Skills:
 - Level 2.6 Fighting
 + Level 10.8 Ranged Weapons
 - Level 3.9(4.7) Armour
 - Level 2.2 Dodging
 - Level 0.7 Stealth


You had 7 spell levels left.
You didn't know any spells.
Your spell library contained the following spells:

 Spells                   Type           Power      Damage    Failure   Level
 Freeze                   Ice            0%         1d3       100%        1
 Sublimation of Blood     Necr           0%         N/A       100%        2
 Frozen Ramparts          Ice            0%         1d1       100%        3
 Inner Flame              Hex/Fire       0%         N/A       100%        3
 Cause Fear               Hex            0%         N/A       100%        4
 Hailstorm                Conj/Ice       0%         3d3       100%        4
 Petrify                  Tmut/Erth      0%         N/A       100%        4
 Irradiate                Conj/Tmut      0%         3d11      100%        5
 Discord                  Hex            0%         N/A       100%        8


Dungeon Overview and Level Annotations

Branches:
Dungeon (6/15)             Temple (1/1) D:4         Ossuary (visited)

Altars:
Ashenzari
Cheibriados
Kikubaaqudgha
Nemelex Xobeh
Trog
Uskayaw
Wu Jian
Xom
Yredelemnul
The Shining One

Annotations:
D:6 Pikel


Innate Abilities, Weirdness & Mutations

You have a pair of horns on your head.
You reflexively headbutt those who attack you in melee.


Message History

Pikel hits you with a +0 whip of electrocution.
You are electrocuted!
The lemure hits you but does no damage.
Pikel hits you with a +0 whip of electrocution!
You are electrocuted!
* * * LOW HITPOINT WARNING * * *
The lemure hits you but does no damage. The lemure attacks as you move away!
The lemure hits you but does no damage. The lemure attacks as you move away!
The lemure barely misses you.
Aiming: Throw Flame
Press: ? - help, Shift-Dir - straight line, f - Pikel, p - lemure
Aim: Pikel, wielding a +0 whip of electrocution and wearing a +2 robe of willpower (60% to hit)
The puff of flame hits Pikel but does no damage.
Pikel closely misses you. You furiously retaliate!
You headbutt Pikel, but do no damage.
You are too injured to fight recklessly!
You are too injured to fight recklessly!
You are too injured to fight recklessly!
You are too injured to fight recklessly!
You are too injured to fight recklessly!
Really attack while wielding your +1 shortbow? [Y]es or [N]o only, please.
Really attack while wielding your +1 shortbow? [Y]es or [N]o only, please.
Really attack while wielding your +1 shortbow? [Y]es or [N]o only, please.
Really attack while wielding your +1 shortbow? [Y]es or [N]o only, please.
Really attack while wielding your +1 shortbow?
Okay, then.
The lemure hits you but does no damage. Pikel attacks as you move away!
Pikel hits you but does no damage.
Pikel hits you with a +0 whip of electrocution.
* * * LOW HITPOINT WARNING * * *
The lemure hits you.
* * * LOW HITPOINT WARNING * * *
Pikel attacks as you move away! Pikel hits you but does no damage.
The lemure barely misses you. The lemure attacks as you move away!
The lemure hits you but does no damage. Pikel hits you but does no damage.
You are electrocuted!
You die...

#...# #...#
#...###...#
#...∩.....#
#...###...#
#...# #...#
#..5# ##8##
#.55# ###
#.K.# ###
#..@# #.#
#...# #.#
#...#
####.########
#####
#>...........
#............
####.########
#.# #.# #.#


You could see Pikel and 3 lemures.

Vanquished Creatures
  Prince Ribbit (D:6)
  A lemure (D:6)
  A centaur (D:5)
  A phantom (D:5)
  An elf zombie (Ossuary)
  A necrophage (D:5)
  A scorpion (D:5)
  A bullfrog (D:6)
  A crimson imp (D:4)
  2 centaur zombies (Ossuary)
  An orc priest (D:5)
  3 hounds (D:5)
  A jelly (D:5)
  A human zombie (Ossuary)
  An iguana (D:5)
  3 orc wizards
  2 mummies (Ossuary)
  An adder (D:3)
  An ufetubus (D:5)
  3 worms
  7 dart slugs
  11 orcs
  5 ball pythons
  7 endoplasms
  3 giant cockroaches
  6 goblins
  7 hobgoblins
  3 jackals
  4 kobolds
  6 quokkas
  3 bats
  7 frilled lizards
  A goblin skeleton (D:4)
  10 hobgoblin zombies
  2 jackal zombies (Ossuary)
  A kobold skeleton (D:4)
  11 kobold zombies
  An orc skeleton (D:4)
  14 orc zombies
  4 rats
  3 rat zombies (Ossuary)
144 creatures vanquished.

Notes
Turn   | Place    | Note
-------+----------+-------------------------------------------
     0 | D:1      | GigaChad the Minotaur Hunter began the quest for the Orb.
     0 | D:1      | Reached XP level 1. HP: 18/18 MP: 0/0
    40 | D:1      | Identified a scroll of acquirement
    40 | D:1      | Acquired the +3 pair of gauntlets of War {Slay+5}
    40 | D:1      | Found the +3 pair of gauntlets of War {Slay+5}
   150 | D:1      | Reached XP level 2. HP: 25/25 MP: 1/1
   173 | D:1      | Reached skill level 5 in Ranged Weapons
   441 | D:1      | Reached XP level 3. HP: 30/30 MP: 2/2
   559 | D:1      | You fall into a shaft and drop 1 floor!
   662 | D:2      | Reached skill level 1 in Armour
  1109 | D:3      | Reached XP level 4. HP: 33/37 MP: 3/3
  1296 | D:3      | Found a faded altar of an unknown god.
  1834 | D:4      | Found a glowing golden altar of the Shining One.
  1854 | D:4      | Reached XP level 5. HP: 42/42 MP: 4/4
  1893 | D:4      | Found a staircase to the Ecumenical Temple.
  1903 | Temple   | Entered the Ecumenical Temple
  1953 | Temple   | Became a worshipper of Ashenzari the Shackled
  2490 | D:4      | Reached skill level 6 in Ranged Weapons
  2572 | D:5      | Entered Level 5 of the Dungeon
  2697 | D:5      | Reached skill level 7 in Ranged Weapons
  2697 | D:5      | Reached XP level 6. HP: 50/50 MP: 5/5
  2896 | D:5      | Reached skill level 8 in Ranged Weapons
  2942 | D:5      | Found a bloodstained altar of Trog.
  3139 | D:5      | Reached XP level 7. HP: 46/56 MP: 6/6
  3251 | D:6      | Reached skill level 9 in Ranged Weapons
  3298 | D:6      | Noticed Prince Ribbit
  3305 | D:6      | Killed Prince Ribbit
  3306 | D:6      | Reached skill level 10 in Ranged Weapons
  3377 | D:6      | Found a sand-covered staircase.
  3438 | Ossuary  | Entered an ossuary
  3535 | Ossuary  | Reached * piety under Ashenzari
  3591 | Ossuary  | Reached XP level 8. HP: 55/62 MP: 7/7
  3750 | D:6      | Noticed Pikel
  3766 | D:6      | Slain by Pikel

Illustrated notes

Levels and vault maps discovered:
D:1:      minmay_arrival_widening_spiral_wide, layout_rooms,
          serial_bayou_pond_b, minmay_crystal_room, st_stairs_3
D:2:      layout_basic, hex_tiny, minmay_tetromino_o2
D:3:      layout_rooms, hellmonk_ecumenical_altar_inner_sanctum, st_stairs_8,
          grunt_ministairs_6
D:4:      layout_cave_pods, nicolae_tso_besieged_by_evil,
          minmay_temple_entry_arrows
D:5:      layout_rooms, kennysheep_little_box
D:6:      layout_basic, general_overflow_altar, chequers_ossuary_entry_cave,
          minmay_a_box_with_orc_wizards_in_it, uniq_pikel, uniq_prince_ribbit1
Temple:   bh_familiar_temple

Skill      XL: |  1  2  3  4  5  6  7 |
---------------+----------------------+-----
Ranged Weapons | 5 7 8 10 | 10.8
Armour         | 3 |  3.9
Fighting       | |  2.6
Dodging        | |  2.2
Stealth        | |  0.7

Action                   |  1- 3 |  4- 6 |  7- 9 || total
-------------------------+-------+-------+-------++-------
 Fire: Shortbow          |    97 |   157 |    97 ||   351
Invok: Curse Item        |       |     1 |     1 ||     2
Evoke: Wand              |       |       |     1 ||     1
  Use: Scroll            |     1 |     2 |     8 ||    11
Armor: Leather armour    |     7 |     7 |       ||    14
       Chain mail        |       |    30 |    81 ||   111
Dodge: Dodged            |    10 |    24 |    36 ||    70
